 Dungeon Crawl Stone Soup version 0.24.0-123-gd5b16e6ec5 (webtiles) character file.

Game seed: 2860074316116789767, levelgen mode: deterministic

426 brucemayne the Cleaver (level 6, 0/76 HPs)
             Began as a Hill Orc Berserker on Jan 18, 2020.
             Was a Believer of Trog.
             Slain by an orc
             ... wielding a +2 falchion of flaming
              (1 damage)
             ... on level 4 of the Dungeon.
             The game lasted 00:04:37 (1414 turns).

brucemayne the Cleaver (Hill Orc Berserker)         Turns: 1414, Time: 00:04:38

Health: 0/76       AC:  6    Str: 25    XL:     6   Next: 97%
Magic:  6/6        EV: 10    Int:  5    God:    Trog [**....]
Gold:   210        SH:  0    Dex: 12    Spells: 5/5 levels left

rFire    . . .     SeeInvis .   a - +0 hand axe
rCold    . . .     Gourm    .   (no shield)
rNeg     . . .     Faith    .   e - +0 scale mail
rPois    .         Spirit   .   (no helmet)
rElec    .         Reflect  .   (no cloak)
rCorr    .         Harm     .   (no gloves)
MR       .....                  (no boots)
Stlth    ..........             (no amulet)
HPRegen  0.22/turn              p - -2 ring of intelligence (curse)
MPRegen  0.10/turn              (no ring)

@: berserking (expiring), very quick
A: no striking features
a: Berserk, Trog's Hand, Renounce Religion


You were on level 4 of the Dungeon.
You worshipped Trog.
Trog was pleased with you.
You were not hungry.

You visited 1 branch of the dungeon, and saw 4 of its levels.

You collected 210 gold pieces.

Inventory:

Hand Weapons
 a - a +0 hand axe (weapon)
Missiles
 o - 24 poisoned darts (quivered)
Armour
 b - a +0 animal skin
 e - a +0 scale mail (worn)
 j - a +0 ring mail
 r - a +0 large shield
Jewellery
 p - a cursed -2 ring of intelligence (left hand)
Wands
 u - a wand of flame (24)
Scrolls
 d - 2 scrolls of enchant weapon {unknown}
 f - 2 scrolls of enchant armour {unknown}
 h - a scroll of teleportation {unknown}
 i - a scroll of remove curse {unknown}
 k - a scroll of blinking {unknown}
 m - 2 scrolls of identify {unknown}
 n - a scroll of immolation {unknown}
 s - a scroll of magic mapping {unknown}
Potions
 g - a potion of degeneration {unknown}
 l - a potion of brilliance {unknown}
 q - a potion of curing {unknown}
 t - a potion of heal wounds {unknown}
Comestibles
 c - 8 rations


   Skills:
 - Level 3.6 Fighting
 + Level 9.9 Axes
 - Level 2.1 Armour
 - Level 1.5 Dodging


You had 5 spell levels left.
You didn't know any spells.
Your spell library contained the following spells:

 Spells                   Type           Power        Failure   Level  Hunger
 Magic Dart               Conj           #...         77%         1    ##.....
 Blink                    Tloc           N/A          88%         2    ###....
 Call Imp                 Summ           #.......     88%         2    ###....
 Slow                     Hex            #.......     88%         2    ###....
 Conjure Flame            Conj/Fire      #.......     98%         3    ####...
 Mephitic Cloud           Conj/Pois/Air  #.......     98%         3    ####...


Dungeon Overview and Level Annotations

Branches:
Dungeon (4/15)
 Temple: D:4-7

Altars:
Fedhas
Hepliaklqana
Vehumet
Yredelemnul


Message History

You slash the orc priest!
You kill the orc priest!
Trog accepts your kill.
You slash the orc wizard!
You kill the orc wizard!
Trog accepts your kill.
Trog appreciates your killing of a magic user.
The orc throws a boomerang.
The boomerang closely misses you.
The weapon returns to the orc!
The orc throws a boomerang.
The boomerang hits you.
* * * LOW HITPOINT WARNING * * *
The weapon returns to the orc!
Unknown command.
You feel a strong urge to attack something.
Unknown command.
You closely miss the orc.
The orc hits you with a +2 falchion of flaming.
* * * LOW HITPOINT WARNING * * *
The orc burns you.
You die...

..............#
..............#
..............#
..............#
#########'##### #...)#
#..).##### #.)).....#
#...@###.#### #####
##+##o......####
....#########.......#†.....#
....#.......#..............#
....'.......#.....#._.#....#
....#.......#..............#
....#.......#.......#......#
....#.......#..o...........#
....#.......#..............#


You could see an orc.

Vanquished Creatures
  An ogre (D:4)
  A scorpion (D:4)
  A howler monkey (D:4)
  An orc priest (D:4)
  2 orc wizards (D:4)
  Terence (D:2)
  Jessica (D:2)
  2 worker ants
  An adder (D:3)
  An ooze (D:1)
  An adder skeleton (D:4)
  A worm (D:3)
  2 dart slugs (D:1)
  2 leopard geckos
  2 orcs (D:4)
  4 giant cockroaches
  5 goblins
  4 hobgoblins
  A quokka (D:2)
  A ball python (D:1)
  9 bats
  A frilled lizard (D:2)
  9 kobolds
  A quokka skeleton (D:4)
  2 rats (D:3)
57 creatures vanquished.

Notes
Turn   | Place    | Note
-------+----------+-------------------------------------------
     0 | D:1      | brucemayne the Hill Orc Berserker began the quest for the
                  | Orb.
     0 | D:1      | Reached XP level 1. HP: 19/19 MP: 1/1
   132 | D:1      | Reached XP level 2. HP: 19/26 MP: 2/2
   138 | D:1      | Reached skill level 5 in Axes
   306 | D:2      | Reached XP level 3. HP: 13/31 MP: 3/3
   372 | D:2      | Found a blossoming altar of Fedhas.
   389 | D:2      | Reached ** piety under Trog
   400 | D:2      | Noticed Terence
   406 | D:2      | Killed Terence
   406 | D:2      | Reached skill level 6 in Axes
   511 | D:2      | Reached XP level 4. HP: 32/39 MP: 4/4
   517 | D:2      | Noticed Jessica
   539 | D:2      | Killed Jessica
   620 | D:3      | Reached skill level 7 in Axes
   789 | D:4      | Reached XP level 5. HP: 25/45 MP: 5/5
   807 | D:4      | Noticed an ogre
   822 | D:4      | Killed an ogre
   822 | D:4      | Reached skill level 8 in Axes
   861 | D:4      | Found a hazy altar of Hepliaklqana.
   870 | D:4      | Noticed a phantom
   964 | D:3      | Reached XP level 6. HP: 29/51 MP: 6/6
  1033 | D:3      | Found a basalt altar of Yredelemnul.
  1303 | D:4      | Reached skill level 9 in Axes
  1339 | D:4      | Found a radiant altar of Vehumet.
  1412 | D:4      | HP: 1/76 [orc/boomerang (4)]
  1414 | D:4      | Slain by an orc

Levels and vault maps discovered:
D:1:      saegor_arrival_simple_d, layout_basic
D:2:      layout_loops_cross, old_standard_altar, uniq_jessica, uniq_terence,
          uniq_natasha
D:3:      layout_basic, yredelemnul_altar_generic, first_ration
D:4:      layout_gridville, lemuel_doored_altar, vehumet_altar_wand_db,
          minmay_temple_entry_slanted

Skill      XL: |  1  2  3  4  5  6 |
---------------+-------------------+-----
Axes           | 5 6 7 8 9 |  9.9
Fighting       | |  3.6
Armour         | |  2.1
Dodging        | |  1.5

Action                   |  1- 3 |  4- 6 || total
-------------------------+-------+-------++-------
Melee: Hand axe          |    75 |   120 ||   195
Invok: Berserk           |     1 |     3 ||     4
       Trog's Hand       |       |     3 ||     3
  Eat: Ration            |       |     2 ||     2
       Chunk             |       |     1 ||     1
Armor: Animal skin       |     5 |       ||     5
       Scale mail        |    37 |    36 ||    73
Dodge: Dodged            |    61 |    52 ||   113
